 Dungeon Crawl Stone Soup version 0.18-a0-1789-gbeff17f (webtiles) character file.

15 Duffy the Skirmisher (level 2, 0/24 HPs)
             Began as a Demonspawn Fighter on Apr 21, 2016.
             Slain by a goblin
             ... wielding a +0 club
             ... led by Robin
              (1 damage)
             ... on level 3 of the Dungeon.
             The game lasted 00:00:25 (458 turns).

Duffy the Skirmisher (Demonspawn Fighter)            Turns: 458, Time: 00:00:26

Health: 0/24       AC:  6    Str: 16    XL:     2   Next: 34%
Magic:  2/2        EV:  6    Int:  9    God:
Gold:   13         SH:  8    Dex: 14    Spells: 0 memorised, 1 level left

rFire  . . .     SeeInvis .     a - +0 war axe
rCold  . . .     Gourm    .     b - +0 scale mail
rNeg   . . .     Faith    .     c - +0 shield
rPois  .         Spirit   .     (no helmet)
rElec  .         Dismiss  .     (no cloak)
rCorr  .         Reflect  .     (no gloves)
SustAt .         Harm     .     (no boots)
MR     .....                    (no amulet)
Stlth  +.........               (no ring)
                                (no ring)

@: not resistant to hostile enchantments, very unstealthy
A: thin skeletal structure 1
a: no special abilities


You were on level 3 of the Dungeon.
You were not hungry.

You visited 1 branch of the dungeon, and saw 3 of its levels.

You collected 13 gold pieces.


Innate Abilities, Weirdness & Mutations

You have a somewhat thin skeletal structure (Dex +2, Stealth).


   Skills:
 - Level 3.0 Fighting
 + Level 2.7 Axes
 - Level 2.6 Armour
 - Level 2.6 Shields


You had one spell level left.
You didn't know any spells.

Inventory:

Hand Weapons
 a - a +0 war axe (weapon)
Armour
 b - a +0 scale mail (worn)
 c - a +0 shield (worn)
Scrolls
 e - a scroll of blinking {unknown}
 h - a scroll of identify {unknown}
Potions
 d - a potion of might
 g - a potion of degeneration {unknown}
Comestibles
 f - a bread ration

Dungeon Overview and Level Annotations

Branches:
Dungeon (3/15)

Altars:
Ashenzari
Kikubaaqudgha
Ru

Annotations:
D:3 Robin


Message History

You are too injured to fight recklessly!
You are too injured to fight recklessly!
You are too injured to fight recklessly!
You are too injured to fight recklessly!
You are too injured to fight recklessly!
You are too injured to fight recklessly!
You are too injured to fight recklessly!
You are too injured to fight recklessly!
You are too injured to fight recklessly!
You closely miss the adder.
The adder is moderately wounded.
You hit the hobgoblin.
The hobgoblin is heavily wounded.
You closely miss the goblin. You hit the goblin.
The goblin is severely wounded.
Your shield and scale mail prevent you from hitting the goblin.
You block the adder's attack. The goblin barely misses you.
You block the hobgoblin's attack.
The goblin hits you but does no damage. x2
The adder bites you but does no damage. The goblin barely misses you.
The hobgoblin hits you but does no damage.
The goblin hits you. The goblin hits you but does no damage.
You closely miss the adder.
The adder is moderately wounded.
Your shield and scale mail prevent you from hitting the hobgoblin.
The hobgoblin is heavily wounded.
You miss the goblin. You closely miss the goblin.
The goblin is severely wounded.
You hit the goblin.
You kill the goblin!
You slash Robin!
Robin is heavily wounded.
You block the adder's attack. You block Robin's attack.
The goblin barely misses you. The hobgoblin hits you.
You block the adder's attack. The goblin hits you with a club.
You die...

.....# ## .!...#
##. .....# #..
.....## #.# .......
##.###......#
#..#.)g..g...
#...g@Sg...#
#<..rgg....#
#..........g..#
............###g.g.
............... ##.
...............
...............#
...............#
...............


You could see Robin, an adder, a quokka, 2 hobgoblins and 6 goblins.

Action                   || total
-------------------------++-------
Melee: War axe           ||    35
Armor: Scale mail        ||    28
Dodge: Dodged            ||    13
Block: Shield            ||    31

Notes
Turn   | Place    | Note
--------------------------------------------------------------
     0 | D:1      | Duffy the Demonspawn Fighter began the quest for the Orb.
     0 | D:1      | Reached XP level 1. HP: 18/18 MP: 1/1
    37 | D:1      | Reached skill level 2 in Axes
   182 | D:1      | Gained mutation: You have a somewhat thin skeletal structure (Dex +2, Stealth). [demonic ancestry]
   182 | D:1      | Reached XP level 2. HP: 24/24 MP: 2/2
   430 | D:2      | Found a sacrificial altar of Ru.
   432 | D:2      | Found an ancient bone altar of Kikubaaqudgha.
   434 | D:2      | Found a shattered altar of Ashenzari.
   452 | D:3      | Noticed Robin
   458 | D:3      | Slain by a goblin

Vault maps used:
D:1:      mrwooster_arrival_statue
D:2:      grunt_temple_overflow_diamond, uniq_iyjb
D:3:      solitary_fountain, uniq_terence, uniq_crazy_yiuf_cottage, uniq_robin

Vanquished Creatures
  A dart slug
  2 giant geckos
  An orc
  A goblin
  A kobold
  2 bats
  A giant newt
  A rat
10 creatures vanquished.
